 Dungeon Crawl Stone Soup version 0.20.0-15-g7f486f2 (webtiles) character file.

8687 Gargoyl the Cleaver (level 11, -1/92 HPs)
             Began as a Black Draconian Abyssal Knight on June 13, 2017.
             Was a High Priest of Lugonu.
             Killed by nerve-wracking pain
             ... invoked by an orc priest
              (10 damage)
             ... on level 9 of the Dungeon.
             The game lasted 00:24:39 (13976 turns).

Gargoyl the Cleaver (DrAK)                         Turns: 13976, Time: 00:24:39

Health: -1/92      AC: 10    Str: 18    XL:     11   Next: 13%
Magic:  16/16      EV: 19    Int: 14    God:    Lugonu [*****.]
Gold:   464        SH:  0    Dex: 19    Spells: 10/10 levels left

rFire    . . .     SeeInvis .   a - +4 hand axe
rCold    . . .     Gourm    .   (no shield)
rNeg     . . .     Faith    .   (armour unavailable)
rPois    .         Spirit   .   (helmet restricted)
rElec    +         Reflect  .   s - +0 cloak
rCorr    .         Harm     .   i - +1 pair of gloves
MR       .....                  (no boots)
Stlth    ++++......             d - amulet of rage
Regen    0.3/turn               c - +4 ring of dexterity
MPRegen  0.2/turn               (no ring)

@: short of breath
A: breathe lightning, unfitting armour, antennae 1, fangs 1, agile 1, clever 1,
electricity resistance, strong 1, cold-blooded, AC +7
a: Breathe Lightning, Depart the Abyss, Bend Space, Banish, Corrupt, Enter the
Abyss, Renounce Religion, Evoke Berserk Rage


You were on level 9 of the Dungeon.
You worshipped Lugonu.
Lugonu was extremely pleased with you.
You were not hungry.

You visited 1 branch of the dungeon, and saw 10 of its levels.
You visited the Abyss 1 time.

You collected 464 gold pieces.

Inventory:

Hand Weapons
 a - a +4 hand axe (weapon)
 f - a +2 hand axe
Armour
 i - a +1 pair of gloves (worn)
 s - a +0 cloak (worn)
Jewellery
 c - a +4 ring of dexterity (left hand)
 d - an amulet of rage (around neck)
 o - an uncursed ring of ice
Wands
 n - a wand of iceblast (0/15)
 q - a wand of digging (15/24)
 x - a wand of flame (21/48)
Scrolls
 e - 2 scrolls of remove curse
 g - 2 scrolls of identify
 j - 2 scrolls of amnesia
 t - 2 scrolls of teleportation
 u - a scroll of blinking
Potions
 m - 2 potions of might
 p - a potion of berserk rage {unknown}
 w - a potion of heal wounds
Books
 l - a book of Party Tricks

   Spells                             Type                      Level
   a - Summon Butterflies             Summoning                    1
   b - Apportation                    Translocation                1
   c - Lesser Beckoning               Translocation                3
   d - Tukima's Dance                 Hexes                        3
   e - Alistair's Intoxication        Transmutation/Poison         5
   f - Invisibility                   Hexes                        6
Comestibles
 b - 3 bread rations
 h - 13 royal jellies
 k - 2 meat rations


   Skills:
 + Level 7.3 Fighting
 + Level 9.7 Axes
 * Level 8.7 Dodging
 * Level 6.7 Stealth
 * Level 7.7 Invocations
 + Level 0.2 Evocations


You had 10 spell levels left.
You didn't know any spells.

Dungeon Overview and Level Annotations

Branches:
Dungeon (10/15)            Temple (0/1) D:7            Lair (0/6) D:10
    Orc: D:9-12

Altars:
Elyvilon
Fedhas


Innate Abilities, Weirdness & Mutations

You can breathe wild blasts of lightning.
Your glossy black scales are hard. (AC +7)
You cannot fit into any form of body armour.
You are resistant to electric shocks. (rElec)
You are cold-blooded and may be slowed by cold attacks.
You have a pair of small antennae on your head.
You have very sharp teeth.
You are agile. (Dex +2)
Your mind is acute. (Int +2)
Your muscles are strong. (Str +2)


Message History

The orb of electricity engulfs the orc priest.
The orc priest is severely wounded.
The orb of electricity engulfs you! You resist.
* * * LOW HITPOINT WARNING * * *
The orb of electricity engulfs the orc wizard.
You kill the orc wizard!
Lugonu accepts your kill.
The orb of electricity engulfs the orc.
You kill the orc!
Lugonu accepts your kill.
You hear a mighty clap of thunder!
The bolt of lightning hits the orc warrior.
You kill the orc warrior!
Lugonu accepts your kill.
You hear a mighty clap of thunder!
You feel somewhat more hungry.
You hear an angry hiss.
The orc priest mumbles some strange prayers to Beogh against you.
Pain shoots through your body!
You die...

..^#.........'.........##....#...
...#.........#...............#...
...#.........######'##.......#...
...#..........>......#.......#...
...#........().......#.......+...
...#.................#########...
##.#>..............(........##...
#.#.........##..)...##.....##...
#.############.@)...##.....##...
#.############.o...........##...
#.#.........##......####'####...
#.#.........##....).#.......####
#.#.........##......#.......####
##.'.........######'##.####..#...
)..#.........#.........# #..#...
...#.........#.........# #..#...
##.#..<......#.........####..#...


You could see an orc priest.

Vanquished Creatures
  2 two-headed ogres (D:9)
  Pikel (D:7)
  Maurice (D:9)
  Joseph (D:7)
  3 trolls
  Prince Ribbit (D:8)
  2 hippogriffs
  A wraith (D:10)
  3 yaks
  Menkaure (D:5)
  2 wargs (D:9)
  2 slaves (D:7)
  4 ice beasts
  A black bear (D:8)
  4 orc warriors
  A sky beast (D:8)
  5 ogres
  A phantom (D:10)
  A centaur (D:6)
  2 bullfrogs
  2 scorpions
  9 wights (D:8)
  4 howler monkeys
  4 crimson imps
  A centaur zombie (D:9)
  4 hounds
  8 orc priests
  A gnoll shaman (D:7)
  3 jellies (D:8)
  Crazy Yiuf (D:7)
  2 iguanas
  10 orc wizards
  Natasha (twice) (D:3)
  10 worker ants
  2 hound zombies
  Robin (D:3)
  A worker ant zombie (D:5)
  10 adders
  6 gnolls
  A howler monkey skeleton (D:5)
  4 shadow imps
  5 oozes (D:8)
  An adder zombie (D:9)
  6 worms
  A dart slug (D:4)
  7 leopard geckos
  40 orcs
  4 giant cockroaches
  16 goblins
  6 hobgoblins
  7 kobolds
  5 quokkas
  A ball python zombie (D:5)
  15 bats
  7 frilled lizards
  A jackal skeleton (D:4)
  A leopard gecko skeleton (D:6)
  13 rats
261 creatures vanquished.

Vanquished Creatures (others)
  A hornet (D:7)
  A hungry ghost (D:9)
  2 slaves (D:7)
  An orc priest (D:7)
  An orc wizard (D:7)
  2 orcs (D:7)
8 creatures vanquished.

Grand Total: 269 creatures vanquished

Notes
Turn   | Place    | Note
-------+----------+-------------------------------------------
     0 | Abyss:1  | Gargoyl the Draconian Abyssal Knight began the quest for the Orb.
     0 | Abyss:1  | Reached XP level 1. HP: 19/19 MP: 2/2
    29 | Abyss:1  | Found a corrupted altar of Lugonu.
    36 | Abyss:1  | Noticed an ancient zyme
    42 | D:1      | Escaped the Abyss
   352 | D:1      | Reached XP level 2. HP: 20/26 MP: 3/3
   466 | D:1      | Reached * piety under Lugonu
  1137 | D:2      | Reached XP level 3. HP: 24/31 MP: 4/4
  1159 | D:2      | Reached skill level 1 in Stealth
  1709 | D:2      | Reached ** piety under Lugonu
  1973 | D:2      | Reached XP level 4. HP: 40/40 MP: 5/5
  2116 | D:3      | Reached skill level 3 in Axes
  2121 | D:3      | Noticed Robin
  2132 | D:3      | Killed Robin
  2459 | D:3      | Reached XP level 5. HP: 13/46 MP: 7/7
  3117 | D:3      | Reached XP level 6. HP: 50/52 MP: 8/8
  3253 | D:3      | Reached *** piety under Lugonu
  3268 | D:3      | Noticed Natasha
  3284 | D:3      | Killed Natasha
  3734 | D:3      | Noticed Natasha
  3742 | D:3      | Killed Natasha
  4218 | D:3      | Reached skill level 4 in Axes
  4340 | D:4      | Your scales start taking on a glossy black colour.
  4340 | D:4      | Reached XP level 7. HP: 42/60 MP: 9/9
  4340 | D:4      | Gained mutation: You are resistant to electric shocks. (rElec) [Black Draconian growth]
  4450 | D:4      | Found a blossoming altar of Fedhas.
  4947 | D:5      | Entered Level 5 of the Dungeon
  5612 | D:5      | Noticed Menkaure
  5619 | D:5      | Killed Menkaure
  5619 | D:5      | Reached skill level 5 in Dodging
  5719 | D:5      | Reached XP level 8. HP: 67/67 MP: 11/11
  5793 | D:5      | Reached skill level 5 in Fighting
  5793 | D:5      | Reached skill level 5 in Axes
  6075 | D:5      | Reached **** piety under Lugonu
  6575 | D:6      | Reached skill level 5 in Invocations
  6938 | D:5      | Reached skill level 6 in Axes
  7699 | D:7      | Noticed Joseph
  7714 | D:7      | Killed Joseph
  7714 | D:7      | Reached XP level 9. HP: 32/74 MP: 13/13
  7984 | D:7      | Found a runed door.
  8086 | D:7      | Noticed Pikel
  8121 | D:7      | Killed Pikel
  8121 | D:7      | Reached skill level 7 in Axes
  8485 | D:7      | Found a staircase to the Ecumenical Temple.
  8836 | D:7      | Gained mutation: You are agile. (Dex +2) [potion of mutation]
  8836 | D:7      | Gained mutation: Your large and strong wings let you fly indefinitely. [potion of mutation]
  8836 | D:7      | Gained mutation: You have a pair of small antennae on your head. [potion of mutation]
  9197 | D:7      | Found a white marble altar of Elyvilon.
  9341 | D:7      | Noticed Crazy Yiuf
  9347 | D:7      | Killed Crazy Yiuf
  9384 | D:8      | Reached skill level 5 in Stealth
  9549 | D:8      | Reached skill level 8 in Axes
  9689 | D:8      | Gained mutation: You are dopey. (Int -2) [mutagenic meat]
  9690 | D:8      | Gained mutation: Your magical capacity is low. (-10% MP) [mutagenic meat]
  9920 | D:8      | Noticed Prince Ribbit
  9936 | D:8      | Reached ***** piety under Lugonu
  9943 | D:8      | Killed Prince Ribbit
  9943 | D:8      | Reached XP level 10. HP: 64/84 MP: 13/13
 10299 | D:8      | Lost mutation: Your magical capacity is low. (-10% MP) [potion of mutation]
 10299 | D:8      | Lost mutation: You are dopey. (Int -2) [potion of mutation]
 10299 | D:8      | Lost mutation: Your large and strong wings let you fly indefinitely. [potion of mutation]
 10299 | D:8      | Gained mutation: You have very sharp teeth. [potion of mutation]
 10299 | D:8      | Gained mutation: Your mind is acute. (Int +2) [potion of mutation]
 10299 | D:8      | Gained mutation: Your muscles are strong. (Str +2) [potion of mutation]
 10606 | D:9      | Noticed Maurice
 11217 | D:9      | Killed Maurice
 11836 | D:10     | Entered Level 10 of the Dungeon
 11836 | D:10     | Noticed a two-headed ogre
 11858 | D:9      | Killed a two-headed ogre
 11858 | D:9      | Reached skill level 9 in Axes
 12177 | D:10     | Found a staircase to the Lair.
 13501 | D:9      | Reached XP level 11. HP: 29/92 MP: 16/16
 13539 | D:9      | Noticed a two-headed ogre
 13797 | D:9      | Killed a two-headed ogre
 13976 | D:9      | Killed from afar by an orc priest

Skill      XL: |  1  2  3  4  5  6  7  8  9 10 |
---------------+-------------------------------+-----
Stealth        | 1 2 3 4 5 6 |  6.7
Axes           | 3 4 6 8 9 |  9.7
Fighting       | 4 5 6 7 |  7.3
Dodging        | 3 4 5 6 7 8 |  8.7
Invocations    | 3 4 5 6 7 |  7.7
Evocations     | |  0.2

Action                   |  1- 3 |  4- 6 |  7- 9 | 10-12 || total
-------------------------+-------+-------+-------+-------++-------
Melee: Hand axe          |   112 |   258 |   378 |   252 ||  1000
       Tailslap          |    15 |    33 |    52 |    58 ||   158
       War axe           |       |       |     3 |       ||     3
       Bite              |       |       |       |    39 ||    39
Invok: Depart the Abyss  |     1 |       |       |       ||     1
       Banish            |       |       |     1 |     2 ||     3
 Abil: Breathe Lightning |       |       |    25 |    16 ||    41
Evoke: Wand              |       |       |       |     1 ||     1
  Use: Scroll            |     8 |     2 |     9 |     3 ||    22
       Potion            |       |       |     5 |     1 ||     6
 Stab: Sleeping          |     1 |     3 |     5 |     1 ||    10
  Eat: Chunk             |     3 |     8 |    21 |     5 ||    37
       Bread ration      |       |       |     1 |     2 ||     3
       Fruit             |       |       |       |     3 ||     3
Armor: Skin              |    66 |   105 |   112 |    48 ||   331
Dodge: Dodged            |   121 |   205 |   337 |   243 ||   906
